 Dungeon Crawl Stone Soup version 0.24-a0-525-g9231cdcba1 (webtiles) character file.

Game seed: 11796564804587685919

35 BinkBink the Slasher (level 3, -3/34 HPs)
             Began as a Deep Dwarf Berserker on Aug 3, 2019.
             Was a Follower of Trog.
             Killed from afar by Sigmund (13 damage)
             ... with a puff of flame
             ... on level 2 of the Dungeon.
             The game lasted 00:01:44 (824 turns).

BinkBink the Slasher (Deep Dwarf Berserker)          Turns: 824, Time: 00:01:45

Health: -3/34      AC:  2    Str: 21    XL:     3   Next: 17%
Magic:  3/3        EV: 12    Int:  7    God:    Trog [*.....]
Gold:   109        SH:  0    Dex: 12    Spells: 2/2 levels left

rFire    . . .     SeeInvis .   a - +0 falchion
rCold    . . .     Gourm    .   (no shield)
rNeg     . . .     Faith    .   b - +0 animal skin
rPois    .         Spirit   .   (no helmet)
rElec    .         Reflect  .   (no cloak)
rCorr    .         Harm     .   (no gloves)
MR       ++...                  (no boots)
Stlth    +.........             (no amulet)
HPRegen  1.00/turn              (no ring)
MPRegen  0.08/turn              (no ring)

@: non-regenerating
A: damage resistance, heal wounds, sense surroundings 1, no regeneration
a: Heal Wounds, Berserk, Renounce Religion


You were on level 2 of the Dungeon.
You worshipped Trog.
Trog was aware of your devotion.
You were not hungry.

You visited 1 branch of the dungeon, and saw 2 of its levels.

You collected 109 gold pieces.

Inventory:

Hand Weapons
 a - a +0 falchion (weapon)
Armour
 b - a +0 animal skin (worn)
 g - a +4 chain mail
Jewellery
 d - a +3 ring of evasion {unknown}
Scrolls
 e - 2 scrolls of fog {unknown}
 f - 2 scrolls of teleportation {unknown}
 h - a scroll of remove curse {unknown}
 i - 2 scrolls of magic mapping {unknown}
 j - a scroll of enchant armour {unknown}
 k - a scroll of fear {unknown}
Comestibles
 c - 2 rations


   Skills:
 + Level 3.1 Fighting
 + Level 3.7 Long Blades
 + Level 2.3 Armour
 + Level 2.5 Dodging


You had 2 spell levels left.
You didn't know any spells.
Your spell library was empty.

Dungeon Overview and Level Annotations

Branches:
Dungeon (2/15)

Altars:
Gozag

Annotations:
D:2 Sigmund


Innate Abilities, Weirdness & Mutations

You are resistant to damage.
You can heal yourself by infusing magical energy.
You passively map a small area around you.
You do not regenerate.


Message History

Sigmund gestures wildly while chanting.
Sigmund flickers and vanishes!
Deactivating autopickup; reactivate with Ctrl-A.
There is a stone staircase leading up here.
Something tries to affect you, but you resist.
Something hits you!
You barely miss something. Something hits you!
* * * LOW HITPOINT WARNING * * *
You miss something. Something barely misses you.
You closely miss something.
Your skin crawls.
You feel resistant to hostile enchantments.
You feel quite a bit more hungry.
You can no longer call upon Trog for regeneration and magic resistance.
Something hits you.
You barely miss something.
You hear some strange, mumbled words.
A puff of flame appears from out of thin air!
The puff of flame hits you!
You die...

..........##
##..####...##
...)###.###{######
≈≈....#.# #......#
≈.≈.≈.#.###.####.#
≈≈≈≈≈≈.....## #.#
≈≈≈≈..##.### #.#
≈≈≈≈≈≈#.#.## #.#
.≈≈≈≈..###.## #@#
.≈≈≈..#####.## #.#
≈≈≈≈≈≈...###.# #.#
≈≈≈≈.≈##.##.## #.#
≈≈≈≈≈≈.#.#.##
##.## ≈≈≈≈≈≈#...##
#...# ...≈..##.##
#...# ≈≈≈.......#
#...# ########..#
###.#


There were no monsters in sight!

Vanquished Creatures
  An adder (D:2)
  A leopard gecko (D:1)
  5 bats (D:1)
  A giant cockroach (D:2)
  A goblin (D:1)
  4 hobgoblins (D:1)
  3 frilled lizards (D:1)
  6 kobolds (D:1)
  2 rats (D:1)
24 creatures vanquished.

Notes
Turn   | Place    | Note
-------+----------+-------------------------------------------
     0 | D:1      | BinkBink the Deep Dwarf Berserker began the quest for the
                  | Orb.
     0 | D:1      | Reached XP level 1. HP: 20/20 MP: 1/1
   133 | D:1      | Reached XP level 2. HP: 20/27 MP: 2/2
   435 | D:1      | Reached ** piety under Trog
   688 | D:2      | Found a faded altar of an unknown god.
   732 | D:2      | Reached XP level 3. HP: 30/34 MP: 3/3
   776 | D:2      | Found an opulent altar of Gozag.
   776 | D:2      | Noticed Sigmund
   824 | D:2      | Killed from afar by Sigmund

Levels and vault maps discovered:
D:1:      dpeg_arrival_chambers_temple_mockup, layout_rooms
D:2:      layout_loops_ring, chequers_ecumenical_altar_island,
          nicolae_gozag_cash_rules_everything_around_me, uniq_sigmund

Skill      XL: |  1  2 |
---------------+-------+-----
Fighting       | 3 |  3.1
Long Blades    | |  3.7
Armour         | |  2.3
Dodging        | |  2.5

Action                   || total
-------------------------++-------
Melee: Falchion          ||    70
Invok: Trog's Hand       ||     1
 Abil: Heal Wounds       ||     1
Armor: Animal skin       ||    22
Dodge: Dodged            ||    63
       Rpst.: Falchion   ||    17

Table legend:
 A = Non-vault XP
 B = Vault XP
 C = Vault XP percentage of total XP
 D = Non-vault monster count
 E = Vault monster count
 F = Vault count percentage of total count
                 A         B        C        D         E       F
            +---------+---------+-------+---------+---------+-------
      Total |      51 |       0 |   0.0 |      24 |       0 |   0.0
            +---------+---------+-------+---------+---------+-------
        D:1 |      36 |       0 |   0.0 |      22 |       0 |   0.0
        D:2 |      15 |       0 |   0.0 |       2 |       0 |   0.0
            +---------+---------+-------+---------+---------+-------
